 Dungeon Crawl Stone Soup version 0.16.1-28-gcc2312f (webtiles) character file.

81 Woebin the Sneak (level 4, -3/33 HPs)
             Began as a Vampire Assassin on May 25, 2015.
             Slain by a giant mite (4 damage)
             ... on level 3 of the Dungeon.
             The game lasted 00:08:21 (1489 turns).

Woebin the Sneak (Vampire Assassin)                 Turns: 1489, Time: 00:08:21

Health: -3/33      AC:  4    Str: 10    XL:     4   Next: 20%
Magic:  13/13      EV: 13    Int: 13    God:
Gold:   124        SH:  0    Dex: 16    Spells: 0 memorised, 3 levels left

rFire  . . .     SeeInvis +     a - +0 dagger (elec)
rCold  + . .     Clarity  .     c - +0 robe
rNeg   + + .     SustAb   .     (no shield)
rPois  +         Gourm    .     (no helmet)
rElec  .         Spirit   .     d - +0 cloak
rCorr  .         Warding  .     m - +0 pair of gloves
rMut   .         Stasis   .     (no boots)
MR     .....                    (no amulet)
Stlth  ++++......               A - ring of see invisible
                                i - ring of magical power

@: regenerating slowly, not resistant to hostile enchantments, stealthy
A: bottle blood, fangs 3, see invisible, unbreathing
a: Bat Form


You were on level 3 of the Dungeon.
You were very thirsty.

You visited 1 branch of the dungeon, and saw 3 of its levels.

You collected 124 gold pieces.

Inventory:

Hand weapons
 a - a +0 dagger of electrocution (weapon)
 b - a +0 blowgun
 o - a +2 dagger
 w - a +3 short sword
Missiles
 e - 14 poisoned needles
 f - 2 curare-tipped needles
Armour
 c - a +0 robe (worn)
 d - a +0 cloak (worn)
 m - a +0 pair of gloves (worn)
Jewellery
 i - a ring of magical power (left hand)
 A - a ring of see invisible (right hand)
Magical devices
 s - a wand of random effects (35)
 v - a wand of teleportation (5)
 x - a wand of magic darts (24)
Scrolls
 j - 3 scrolls of identify
 n - a scroll of teleportation {unknown}
 p - a scroll of random uselessness {unknown}
 q - 2 scrolls of enchant weapon {unknown}
 r - 2 scrolls of magic mapping {unknown}
 y - 2 scrolls of remove curse {unknown}
Potions
 g - a potion of blood
 h - 5 potions of magic
 k - a potion of lignification
 l - a potion of heal wounds
 t - a potion of haste
 z - a potion of agility


   Skills:
 + Level 2.0 Fighting
 + Level 2.5 Short Blades
 + Level 1.6 Throwing
 + Level 2.6 Dodging
 + Level 7.3 Stealth


You had 3 spell levels left.
You didn't know any spells.

Dungeon Overview and Level Annotations

Branches:
Dungeon (3/15)

Altars:
Ru
The Shining One

Portals:
Sewer: D:3


Innate Abilities, Weirdness & Mutations

You heal slowly.
You can bottle blood from corpses.
You have razor-sharp teeth.
You have supernaturally acute eyesight.
You can survive without breathing.


Message History

You see here a poisoned needle.
e - 14 poisoned needles (gained 1)
You see here 6 sling bullets of flame.
You hit the rat.
You kill the rat!
You enter the shallow water.
Moving in this stuff is going to be slow.
The river rat barely misses you. The river rat bites you.
The giant mite splashes around in the water.
The giant mite splashes around in the water.
The river rat bites you!
* * * LOW HITPOINT WARNING * * *
The giant mite bites you but does no damage.
The giant mite bites you but does no damage.
There is a glowing drain here.
The river rat bites you!
* * * LOW HITPOINT WARNING * * *
The giant mite bites you.
You die...

#.#...##.......<##.
#.###########.#.#.. #.#
#.._... #.# ###.##. ######.#
### #..##.
#......####.#######.###.
#.####.....#............
####.....################..
#......###@rw≈≈# ##........
....##.#.# #≈ss≈.#
#...####.. #...###≈≈≈≈.#
#...# ### ###.....#≈≈≈..#
#...# # #....).##≈....#
#...# # #.#...)...†.###
#...# # ...#.##..).(.# #...#
............#.#####...######
......#..#.................


You could see a worm, a river rat and 2 giant mites.

Vanquished Creatures
  An adder (D:3)
  A giant mite (D:3)
  2 worms (D:2)
  An ooze (D:2)
  An orc (D:3)
  4 bats
  6 giant cockroaches
  10 goblins
  6 hobgoblins
  A quokka (D:2)
  A ball python (D:1)
  A giant gecko (D:3)
  A giant newt (D:1)
  8 kobolds
  9 rats
53 creatures vanquished.

Notes
Turn   | Place    | Note
--------------------------------------------------------------
     0 | D:1      | Woebin, the Vampire Assassin, began the quest for the Orb.
     0 | D:1      | Reached XP level 1. HP: 16/16 MP: 1/1
    63 | D:1      | Reached skill level 6 in Stealth
   242 | D:1      | Reached XP level 2. HP: 20/22 MP: 2/2
   611 | D:2      | Reached XP level 3. HP: 27/27 MP: 3/3
   674 | D:2      | Reached skill level 7 in Stealth
   743 | D:2      | Found a sacrificial altar of Ru.
  1226 | D:3      | Found a glowing golden altar of the Shining One.
  1446 | D:3      | Reached XP level 4. HP: 33/33 MP: 4/4
  1477 | D:3      | Found a glowing drain.
  1489 | D:3      | HP: 1/33 [river rat (7)]
  1489 | D:3      | Slain by a giant mite

Action                   |  1- 3 |  4- 6 || total
-------------------------+-------+-------++-------
Melee: Dagger            |   112 |    14 ||   126
 Fire: Blowgun           |    13 |     2 ||    15
  Use: Scroll            |     7 |       ||     7
       Potion            |     1 |       ||     1
 Stab: Sleeping          |     9 |       ||     9
       Distracted        |     1 |       ||     1
